 Dungeon Crawl Stone Soup version 0.26-a0-663-g36e8fdb655 (webtiles) character file.

Game seed: 3385163661541612725

29502 dmitrys the Alchemist (level 13, -22/107 HPs)
             Began as a Yellow Draconian Transmuter on Oct 12, 2020.
             Was a Priest of Dithmenos.
             Annihilated by a spriggan rider
             ... wielding a +0 spear of distortion
              (25 damage)
             ... on level 4 of the Lair of Beasts.
             The game lasted 01:12:48 (16236 turns).

dmitrys the Alchemist (DrTm)                       Turns: 16236, Time: 01:12:50

Health: -22/107    AC: 19    Str: 16    XL:     13   Next: 15%
Magic:  20/20      EV: 15    Int: 11    God:    Dithmenos [***...]
Gold:   837        SH:  0    Dex: 12    Spells: 4/22 levels left

rFire    . . .     SeeInvis .     - Unarmed
rCold    . . .     Faith    .   (no shield)
rNeg     . . .     Spirit   .   (armour unavailable)
rPois    .         Reflect  .   k - +2 hat {MR+}
rElec    .         Harm     +   r - scarf {harm}
rCorr    +         Rampage  .   I - +0 pair of gloves
MR       +....     Rnd*Rage +   (no boots)
Stlth    +++.......             n - amulet of magic regeneration
HPRegen  0.67/turn              a - +4 ring of protection
MPRegen  0.42/turn              D - +4 ring of protection

@: about to teleport, short of breath, wreathed by umbra
A: spit acid, unfitting armour, [berserk 2], [dopey 2], regeneration 1,
cold-blooded, acid resistance, AC +8
a: Breathe Acid, Shadow Step, Renounce Religion


You were on level 4 of the Lair of Beasts.
You worshipped Dithmenos.
Dithmenos was most pleased with you.
You visited 2 branches of the dungeon, and saw 14 of its levels.
You visited the Abyss 1 time.

You collected 837 gold pieces.

Inventory:

Armour
 k - a +2 hat of magic resistance (worn)
 r - a scarf of harm (worn)
 I - a +0 pair of gloves (worn)
Jewellery
 a - a +4 ring of protection (left hand)
 h - an uncursed ring of protection from cold
 n - an amulet of magic regeneration (around neck)
 p - an uncursed ring of stealth
 t - an uncursed ring of stealth
 v - an uncursed ring of positive energy
 A - an uncursed amulet of regeneration
 B - an uncursed ring of positive energy
 C - the amulet "Ixiac" {RegenMP rElec Int+4 Dex+3}
   (You found it on level 8 of the Dungeon)

   [amulet of magic regeneration]

   It increases your magic regeneration.
   It affects your intelligence (+4).
   It affects your dexterity (+3).
   It insulates you from electricity.
 D - a +4 ring of protection (right hand)
 E - an uncursed amulet of the acrobat
 F - an uncursed ring of see invisible
 N - an uncursed ring of protection from fire
 Q - an uncursed ring of positive energy
 R - an uncursed amulet of faith
Wands
 s - a wand of digging (14)
 x - a wand of iceblast (4)
 H - a wand of acid (14)
 M - a wand of paralysis (8)
Scrolls
 i - 5 scrolls of teleportation
 j - 4 scrolls of enchant armour
 m - a scroll of fear
 w - 4 scrolls of magic mapping
 y - 11 scrolls of remove curse
 K - a scroll of holy word {unknown}
 L - 2 scrolls of enchant weapon
 O - a scroll of identify
 P - 2 scrolls of noise {unknown}
Potions
 b - 4 potions of flight
 c - 4 potions of stabbing
 d - 5 potions of lignification
 e - a potion of heal wounds
 f - a potion of berserk rage
 g - a potion of magic
 l - 3 potions of ambrosia
 o - 3 potions of brilliance
 q - 11 potions of curing
 u - a potion of might
 z - 2 potions of mutation
 G - 2 potions of invisibility
 J - 2 potions of haste


   Skills:
 + Level 8.0 Fighting
 + Level 6.0 Dodging
 + Level 2.4 Stealth
 + Level 11.6 Unarmed Combat
 - Level 5.0 Spellcasting
 - Level 15.0 Transmutations
 - Level 3.0 Ice Magic
 - Level 3.0 Earth Magic


You had 4 spell levels left.
You knew the following spells:

 Your Spells              Type           Power        Failure   Level
a - Beastly Appendage     Tmut           #####.       1%          1
b - Wereblood             Tmut           #####...     1%          2
c - Passwall              Tmut/Erth      ###.....     1%          2
d - Blade Hands           Tmut           #####.....   1%          5
e - Ice Form              Ice/Tmut       ###.....     5%          4
f - Petrify               Tmut/Erth      ###.....     5%          4

Your spell library contained the following spells:

 Spells                   Type           Power        Failure   Level
 Spider Form              Tmut/Pois      ###.......   3%          3
 Sandblast                Erth           #.....       6%          1
 Magic Dart               Conj           #...         22%         1
 Summon Small Mammal      Summ           #...         22%         1
 Blink                    Tloc           N/A          32%         2
 Call Imp                 Summ           #.......     32%         2
 Slow                     Hex            #.......     32%         2
 Stone Arrow              Conj/Erth      #.....       34%         3
 Call Canine Familiar     Summ           #.......     54%         3
 Confusing Touch          Hex            #.......     54%         3
 Conjure Flame            Conj/Fire      #.......     54%         3
 Gell's Gravitas          Tloc           #.........   54%         3
 Mephitic Cloud           Conj/Pois/Air  #.......     54%         3
 Summon Guardian Golem    Hex/Summ       #.......     54%         3
 Summon Ice Beast         Ice/Summ       #.......     75%         4
 Summon Lightning Spire   Summ/Air       #.......     91%         4
 Yara's Violent Unravell  Hex/Tmut       ###.......   26%         5
 Lee's Rapid Deconstruct  Erth           #.........   86%         5
 Metabolic Englaciation   Hex/Ice        #.........   97%         5


Dungeon Overview and Level Annotations

Branches:
Dungeon (10/15)            Temple (0/1) D:7            Lair (4/6) D:10
  Swamp (0/4) Lair:2        Snake (0/4) Lair:2          Orc (0/2) D:10

Altars:
Dithmenos
Fedhas
Gozag
Makhleb
Nemelex Xobeh
Sif Muna
Vehumet
Wu Jian
Xom

Shops:
D:8 =

Annotations:
D:6 exclusion: oklob plant
Lair:3 exclusion: oklob plant


Innate Abilities, Weirdness & Mutations

You can spit globs of acid.
Your golden yellow scales are hard. (AC +8)
You cannot fit into any form of body armour.
You are cold-blooded and may be slowed by cold attacks.
You are resistant to acid. (rCorr)
Your natural rate of healing is unusually fast.
[You often lose your temper in combat.]
[You are very dopey. (Int -4)]


Message History

Your +0 pair of gloves unmelds from your body.
The bullfrog misses you. The spriggan rider misses you.
Things that are here:
a +0 robe; a +0 rapier You hit the bullfrog but do no damage.
The bullfrog hits you.
The spriggan rider hits you from afar with a +0 spear of distortion!
You blink.
Found a ring mail.
As you read the scroll of teleportation, it crumbles to dust.
You feel strangely unstable.
The spriggan rider hits you from afar with a +0 spear of distortion!!
* * * LOW HITPOINT WARNING * * *
You blink.
The bullfrog barely misses you.
The boggart mumbles some strange words.
The boggart blinks!
The bullfrog closely misses you.
The spriggan rider hits you from afar with a +0 spear of distortion!
* * * LOW HITPOINT WARNING * * *
Space warps horribly around you!!
You die...

♣.♣♣ ♣♣♣♣...♣♣♣
#......## ♣♣.♣♣
♣♣.).♣♣♣♣
#......#
♣♣.♣♣♣♣.♣♣♣♣
#.....##
♣.)♣♣[..♣
#....##
♣♣....♣♣♣
#...## ♣♣♣.♣♣
♣♣♣♣♣ #...#
♣.♣♣♣ ♣♣...♣♣
#...## ♣♣..♣
♣g.i..♣ #....##
♣ ♣♣(♣
♣♣♣@.§.[♣
#.....## ♣♣♣♣
♣♣.♣ ♣..F...♣♣
#.....P#
...♣♣♣♣)♣♣
♣♣.♣♣.♣.♣
#....(.##
♣♣.....♣♣
♣♣[♣♣♣♣♣♣
#......P#
♣...♣♣♣♣ ♣♣♣.♣♣
#...♣.P≈##
♣...♣♣ ♣♣♣..♣♣
##..≈P.≈P≈#
)....♣ ♣♣♣..♣♣♣
##..♣≈≈.≈≈≈♣
♣♣♣..♣♣♣..♣♣♣
##..♣≈≈≈(≈≈P≈
♣♣....♣♣♣
###...♣≈≈≈†P≈≈P


You could see a spriggan rider, a bullfrog and a boggart.

Vanquished Creatures
  Gastronok (Lair:2)
  A centaur warrior (D:10)
  2 two-headed ogres (D:9)
  A wretched star (Abyss:2)
  Pikel (D:4)
  Joseph (D:10)
  A black mamba (Lair:3)
  A torpor snail (Lair:4)
  6 elephants (Lair:4)
  4 cane toads
  A rime drake (Lair:4)
  4 komodo dragons
  3 hornets
  A troll (D:9)
  A tyrant leech (Lair:2)
  A large abomination (Abyss:2)
  3 polar bears
  A dream sheep (Lair:4)
  9 blink frogs
  3 wyverns
  11 spriggans (Lair:4)
  35 yaks
  2 basilisks
  A steam dragon (Lair:2)
  2 chaos spawn (Abyss:2)
  4 swamp worms (Lair:2)
  3 nagas (Lair:2)
  4 water moccasins
  5 orc warriors
  2 black bears
  2 phantoms
  6 starcursed masses (Abyss:2)
  10 wolves
  4 ogres
  2 sky beasts
  2 boggarts (Lair:4)
  7 centaurs
  15 bullfrogs
  A big kobold (D:7)
  A small abomination (Abyss:2)
  3 scorpions (D:10)
  8 killer bees
  4 wights (D:10)
  3 electric eels (Lair:4)
  2 howler monkeys
  2 bullfrog zombies
  A quasit (D:10)
  3 jellies
  2 hounds (D:6)
  6 orc wizards
  4 orc priests
  2 iguanas
  5 worker ants
  A killer bee zombie (D:9)
  A hound zombie (D:10)
  A worker ant zombie (D:8)
  Robin (D:3)
  A howler monkey skeleton (D:7)
  A howler monkey zombie (D:8)
  11 gnolls
  16 adders
  A shadow imp (D:10)
  3 white imps
  2 ufetubi
  An adder zombie (D:6)
  3 oozes
  An adder skeleton (D:6)
  5 worms
  5 dart slugs
  5 leopard geckos
  28 orcs
  4 giant cockroaches
  19 goblins
  14 hobgoblins
  6 jackals
  4 quokkas
  3 ball pythons
  9 bats
  14 kobolds
  A quokka skeleton (D:5)
  A quokka zombie (D:7)
  4 rats
376 creatures vanquished.

Vanquished Creatures (others)
  5 fungi
  79 plants
84 creatures vanquished.

Grand Total: 460 creatures vanquished

Notes
Turn   | Place    | Note
-------+----------+-------------------------------------------
     0 | D:1      | dmitrys the Draconian Transmuter began the quest for the
                  | Orb.
     0 | D:1      | Reached XP level 1. HP: 16/16 MP: 3/3
   101 | D:1      | Reached XP level 2. HP: 15/23 MP: 5/5
   565 | D:1      | Reached skill level 3 in Transmutations
   802 | D:1      | Reached XP level 3. HP: 22/28 MP: 4/6
  1208 | D:2      | Learned a level 2 spell: Wereblood
  1630 | D:2      | Reached XP level 4. HP: 35/35 MP: 5/7
  2105 | D:3      | Noticed Robin
  2131 | D:3      | Reached skill level 4 in Transmutations
  2141 | D:3      | Killed Robin
  2405 | D:3      | Found a shadowy altar of Dithmenos.
  2534 | D:3      | Reached XP level 5. HP: 33/40 MP: 8/8
  2560 | D:3      | Became a worshipper of Dithmenos the Shadowed
  2975 | D:3      | Found a radiant altar of Vehumet.
  2975 | D:3      | Found an ornate altar of the Wu Jian Council.
  3029 | D:3      | Found a shimmering blue altar of Sif Muna.
  3398 | D:4      | Noticed Pikel
  3398 | D:4      | Noticed a lemure
  3419 | D:4      | Noticed a lemure
  3422 | D:4      | Noticed a lemure
  3425 | D:4      | Noticed a lemure
  3429 | D:4      | Killed Pikel
  3429 | D:4      | Reached skill level 5 in Unarmed Combat
  3429 | D:4      | Reached skill level 6 in Transmutations
  3429 | D:4      | Reached XP level 6. HP: 24/47 MP: 9/9
  3429 | D:4      | Your scales start taking on a golden yellow colour.
  3429 | D:4      | Reached XP level 7. HP: 27/52 MP: 10/10
  3429 | D:4      | Gained mutation: You are resistant to acid. (rCorr) [Yellow
                  | Draconian growth]
  3651 | D:4      | Found a shimmering altar of Xom.
  3652 | D:4      | Found a shimmering altar of Xom.
  3965 | D:4      | Reached skill level 7 in Transmutations
  4094 | D:4      | Reached * piety under Dithmenos
  4325 | D:5      | Entered Level 5 of the Dungeon
  4464 | D:5      | Learned a level 2 spell: Passwall
  5084 | D:5      | Reached skill level 1 in Earth Magic
  5204 | D:5      | Found a blossoming altar of Fedhas.
  5405 | D:6      | Reached XP level 8. HP: 49/59 MP: 11/11
  5506 | D:6      | Reached skill level 8 in Transmutations
  6516 | D:6      | Reached skill level 9 in Transmutations
  6626 | D:6      | Found a blossoming altar of Fedhas.
  6639 | D:6      | Noticed an oklob plant
  6846 | D:6      | Reached ** piety under Dithmenos
  7224 | D:7      | Reached XP level 9. HP: 64/64 MP: 10/12
  7267 | D:7      | Found a staircase to the Ecumenical Temple.
  7581 | D:7      | Found a shadowy altar of Dithmenos.
  7724 | D:7      | Reached skill level 10 in Transmutations
  7735 | D:7      | Found a shimmering blue altar of Sif Muna.
  7817 | D:7      | Learned a level 5 spell: Blade Hands
  8330 | D:8      | Found Goosmu's Jewellery Boutique.
  8614 | D:8      | Got a coiled amethyst amulet
  8625 | D:8      | Identified the amulet "Ixiac" {RegenMP rElec Int+4 Dex+3}
                  | (You found it on level 8 of the Dungeon)
  8889 | D:8      | Found a runed translucent door.
  8898 | D:8      | Reached skill level 11 in Transmutations
  9089 | D:8      | Noticed a boulder beetle
  9089 | D:8      | Noticed a deep elf mage
  9089 | D:8      | Noticed a centaur warrior
  9326 | D:9      | Found an opulent altar of Gozag.
  9337 | D:9      | Reached *** piety under Dithmenos
  9339 | D:9      | Reached XP level 10. HP: 71/71 MP: 10/15
  9418 | D:9      | Noticed a two-headed ogre
  9428 | D:9      | Killed a two-headed ogre
  9680 | D:9      | Learned a level 4 spell: Ice Form
  9731 | D:9      | Found a flagged portal.
  9770 | D:9      | Found a burning altar of Makhleb.
  9844 | D:9      | Noticed a two-headed ogre
  9852 | D:9      | Killed a two-headed ogre
  9852 | D:9      | Reached skill level 1 in Ice Magic
 10051 | D:9      | Found a sparkling altar of Nemelex Xobeh.
 10095 | D:10     | Entered Level 10 of the Dungeon
 10138 | D:10     | Reached skill level 12 in Transmutations
 10244 | D:10     | Found a staircase to the Lair.
 10287 | D:10     | Reached skill level 5 in Spellcasting
 10388 | D:10     | Noticed Joseph
 10411 | D:10     | Killed Joseph
 10533 | D:10     | Reached XP level 11. HP: 61/79 MP: 12/18
 10539 | D:10     | Reached **** piety under Dithmenos
 10696 | D:10     | Found a staircase to the Orcish Mines.
 10894 | D:10     | Noticed a centaur warrior
 10905 | D:10     | Killed a centaur warrior
 10980 | D:10     | Reached skill level 13 in Transmutations
 11115 | Lair:1   | Entered Level 1 of the Lair of Beasts
 11285 | Lair:1   | Learned a level 4 spell: Petrify
 11385 | Lair:1   | Reached skill level 10 in Unarmed Combat
 12290 | Lair:2   | Noticed Gastronok
 12326 | Lair:2   | Killed Gastronok
 12326 | Lair:2   | Reached skill level 5 in Fighting
 12441 | Lair:2   | Reached XP level 12. HP: 94/94 MP: 15/19
 12496 | Lair:2   | Reached skill level 14 in Transmutations
 12864 | Lair:2   | Found a staircase to the Swamp.
 12976 | Lair:2   | Found a staircase to the Snake Pit.
 13984 | Lair:3   | Reached ***** piety under Dithmenos
 14779 | Lair:4   | Reached skill level 5 in Dodging
 15027 | Lair:4   | Reached skill level 15 in Transmutations
 15362 | Lair:4   | Reached skill level 1 in Stealth
 15380 | Lair:4   | Reached XP level 13. HP: 74/106 MP: 15/20
 16039 | Lair:4   | Cast into level 2 of the Abyss (spriggan rider)
 16088 | Abyss:2  | Found a corrupted altar of Lugonu.
 16103 | Abyss:2  | Noticed a starcursed mass
 16222 | Abyss:2  | Gained mutation: Your natural rate of healing is unusually
                  | fast. [a neqoxec]
 16230 | Lair:4   | Escaped the Abyss
 16236 | Lair:4   | HP: 3/107 [spriggan rider/+0 spear of distortion (18)]
 16236 | Lair:4   | Annihilated by a spriggan rider

Illustrated notes

Levels and vault maps discovered:
D:1:      lemuel_arrival_broad_hall, layout_basic, grunt_decor_arrowhead,
          hangedman_decor_push
D:2:      layout_basic
D:3:      layout_loops_cross, old_standard_altar,
          gammafunk_temple_overflow_elements, nicolae_dithmenos_shadow_blocks,
          uniq_robin
D:4:      layout_basic, xom_redecorated, serial_bayou_ford_a, uniq_pikel
D:5:      layout_loops_ring, lemuel_coloured_pillars_altar
D:6:      minmay_spotlight, layout_basic, tgw_fedhas
D:7:      kennysheep_orc_sif_temple, layout_layer_cave,
          minmay_temple_entry_sparse_star, basic_altar
D:8:      minmay_the_grid_triangle_9x9_rhombus_full
          [minmay_the_grid_triangle_9x9_from_above,
          minmay_the_grid_triangle_9x9_subtriangle,
          minmay_the_grid_triangle_9x9_longest,
          minmay_the_grid_triangle_9x9_alien,
          minmay_the_grid_triangle_9x9_zippers_vertical,
          minmay_the_grid_triangle_9x9_empty,
          minmay_the_grid_triangle_9x9_checkered,
          minmay_the_grid_triangle_9x9_prize_top_heavy], layout_loops_cross,
          serial_shops, nicolae_shop_behind_doors, nicolae_underground_beach
D:9:      layout_big_octagon, kennysheep_mini, kennysheep_little_box,
          old_standard_altar, enter_bailey_2
D:10:     layout_rooms, david_lair_generic, orc_0_dummy, uniq_joseph
Lair:1:   layout_big_grid, minivault_25
Lair:2:   layout_long_grid, minmay_swamp_entry_worms,
          minmay_snake_entry_guardpost_small, grunt_forest_stairs_basic,
          serial_bayou_shore_b, uniq_gastronok
Lair:3:   layout_chaotic_city
Lair:4:   kb_forest_paths, layout_gridlike, serial_bayou, serial_bayou_pond_c,
          serial_bayou_lagoon_b, serial_bayou_lagoon_a, serial_bayou_shore_b,
          serial_bayou_crossing

Skill      XL: |  1  2  3  4  5  6  7  8  9 10 11 12 13 |
---------------+----------------------------------------+-----
Transmutations | 3 4 6 7 9 11 12 13 15 | 15.0
Unarmed Combat | 4 5 6 7 8 9 10 11 | 11.6
Earth Magic    | 1 3 |  3.0
Spellcasting   | 3 5 |  5.0
Ice Magic      | 3 |  3.0
Fighting       | 5 7 8 |  8.0
Dodging        | 3 5 6 |  6.0
Stealth        | 1 2 |  2.4

Action                   |  1- 3 |  4- 6 |  7- 9 | 10-12 | 13-15 || total
-------------------------+-------+-------+-------+-------+-------++-------
Melee: Unarmed           |   116 |   114 |   385 |   440 |    50 ||  1105
       Tailslap          |    18 |     8 |    37 |    33 |     6 ||   102
       Kick              |    19 |    20 |    88 |    11 |       ||   138
       Headbutt          |    15 |    15 |    53 |     5 |       ||    88
       Punch             |     2 |     2 |    10 |    10 |     1 ||    25
 Cast: Beastly Appendage |    20 |    26 |    52 |    11 |       ||   109
       Wereblood         |       |     2 |    11 |    14 |       ||    27
       Passwall          |       |       |     1 |       |       ||     1
       Blade Hands       |       |       |     9 |    44 |     6 ||    59
       Ice Form          |       |       |       |    12 |     1 ||    13
       Petrify           |       |       |       |     1 |       ||     1
Invok: Shadow Step       |       |       |       |     1 |       ||     1
 Abil: Breathe Acid      |       |       |     9 |     7 |     1 ||    17
Evoke: Wand              |       |       |     3 |       |       ||     3
  Use: Scroll            |     5 |     4 |     8 |     7 |     1 ||    25
       Potion            |       |       |     1 |       |     2 ||     3
 Stab: Sleeping          |       |       |     1 |     1 |       ||     2
Armor: Skin              |    43 |    46 |   135 |   119 |     7 ||   350
Dodge: Dodged            |    80 |    83 |   256 |   245 |    22 ||   686

Table legend: (Time is in decaauts)
 A = Elapsed time spent in this place.
 B = Non-inter-level travel time spent in this place.
 C = Inter-level travel time spent in this place.
 D = Time resting spent in this place.
 E = Time spent auto-exploring this place.
 F = Levels seen in this place.
 G = Mean time per level.
                   A        B        C        D        E       F      G
               +--------+--------+--------+--------+--------+-----+--------+
         Total |  16153 |  15766 |    387 |   2028 |  10253 |  15 | 1076.9 |
       Dungeon |  11036 |  10707 |    329 |   1759 |   6644 |  10 | 1103.6 |
          Lair |   4932 |   4874 |     58 |    266 |   3546 |   4 | 1233.0 |
         Abyss |    184 |    184 |      0 |      3 |     63 |   1 |  184.0 |
               +--------+--------+--------+--------+--------+-----+--------+

Top non-repeatable levels by time:
     D:6: 1800 daAuts
  Lair:4: 1727 daAuts
  Lair:2: 1288 daAuts
     D:3: 1258 daAuts
     D:1: 1191 daAuts
     D:7: 1147 daAuts
     D:5: 1024 daAuts
     D:4: 1016 daAuts
    D:10: 1003 daAuts
     D:8: 980 daAuts
  Lair:1: 970 daAuts
  Lair:3: 946 daAuts
     D:2: 848 daAuts
     D:9: 764 daAuts
 Abyss:2: 184 daAuts
